 Dungeon Crawl Stone Soup version 0.29-a0-322-g68df515428 (webtiles) character file.

Game seed: 10234423878812964557

3315 Leszczynek the Cleaver (level 10, -6/121 HPs)
             Began as a Human Gladiator on Apr 8, 2022.
             Was a Believer of Okawaru.
             Mangled by a vampire
             ... wielding a +2 vampiric glaive
              (10 damage)
             ... in a bailey.
             The game lasted 00:22:54 (3787 turns).

Leszczynek the Cleaver (Human Gladiator)            Turns: 3787, Time: 00:22:54

Health: -6/121     AC: 25    Str: 25    XL:     10   Next: 21%
Magic:  0/20       EV:  2    Int:  8    God:    Okawaru [**....]
Gold:   247        SH:  0    Dex: 15    Spells: 9/9 levels left

rFire   . . .      SeeInvis .   a - +0 war axe
rCold   . . .      Faith    .   (no shield)
rNeg    . . .      Spirit   +   (body armour currently unavailable)
rPois   +          Reflect  .   (helmet currently unavailable)
rElec   .          Harm     .   (cloak currently unavailable)
rCorr   .          Rampage  .   (gloves currently unavailable)
Will    .....      NoTele   +   (boots currently unavailable)
Stlth   +++.......              j - amulet of guardian spirit
HPRegen 0.30/turn               s - ring of magical power
MPRegen 0.17/turn               y - +6 ring of strength

@: tree-form (expiring), heroic
A: stationary, stasis, torment immunity, boosted hp, (horns 1), (iridescent
scales 1), MP-powered wands
a: Renounce Religion, Heroism


You were in a bailey.
You worshipped Okawaru.
Okawaru was pleased with you.
You were a tree.
You visited 2 branches of the dungeon, and saw 10 of its levels.
You also visited: Bailey.

You collected 247 gold pieces.

Inventory:

Hand Weapons
 a - a +0 war axe (weapon)
 v - a +2 flail of holy wrath
 w - a +0 hand axe of electrocution
 z - a +0 battleaxe
Missiles
 d - 2 throwing nets
 e - 5 poisoned darts
 t - 3 boomerangs (quivered)
Armour
 c - a +0 helmet (melded)
 i - a +0 ring mail
 C - +0 steam dragon scales
 E - a +0 troll leather armour (melded)
 F - a +1 pair of boots of flying (melded)
Jewellery
 b - a ring of fire
 j - an amulet of guardian spirit (around neck)
 s - a ring of magical power (left branch)
 y - a +6 ring of strength (right branch)
Scrolls
 f - a scroll of brand weapon {unknown}
 h - a scroll of enchant weapon {unknown}
 k - a scroll of blinking
 l - 2 scrolls of magic mapping
 n - 2 scrolls of teleportation
 o - a scroll of immolation {!r}
 r - a scroll of vulnerability {unknown}
 x - a scroll of enchant armour {unknown}
 B - a scroll of silence {unknown}
 D - a scroll of fog {unknown}
Potions
 g - 2 potions of brilliance
 q - a potion of flight
 u - a potion of lignification {!q}


   Skills:
 * Level 8.3(13.3) Fighting
 * Level 8.5(13.5) Axes
 + Level 5.8(10.8) Throwing
 - Level 6.0(11.0) Dodging
 + Level 2.0 Invocations


You had 9 spell levels left.
You didn't know any spells.
Your spell library contained the following spells:

 Spells                   Type           Power      Damage    Failure   Level
 Beastly Appendage        Tmut           0%         N/A       41%         1
 Magic Dart               Conj           0%         1d3       41%         1
 Corpse Rot               Necr/Air       0%         N/A       54%         2
 Wereblood                Tmut           0%         N/A       54%         2
 Mephitic Cloud           Conj/Pois/Air  0%         N/A       78%         3
 Spider Form              Tmut/Pois      0%         N/A       78%         3
 Dispel Undead            Necr           0%         3d6       99%         4
 Call Imp                 Summ           Unusable   N/A       N/A         2
 Death Channel            Necr           Unusable   N/A       N/A         6

Dungeon Overview and Level Annotations

Branches:
Dungeon (9/15)             Temple (1/1) D:6            Lair (0/6) D:8
 Bailey (1/1)
    Orc: D:9-12

Altars:
Ashenzari
Cheibriados
Elyvilon
Fedhas
Gozag
Hepliaklqana
Kikubaaqudgha
Makhleb
Nemelex Xobeh
Okawaru
Qazlal
Sif Muna
Trog
Uskayaw
Wu Jian
Xom
Yredelemnul
Zin
The Shining One

Annotations:
D:3 Terence
D:4 Grinder
D:7 3 runed translucent doors, NigelTetley's ghost, novice DrTm


Innate Abilities, Weirdness & Mutations

You are a tree.
Your roots penetrate the ground, keeping you stationary.
You cannot be teleported.
You are immune to unholy pain and torment.
Your maximum health is greatly increased.
Your equipment is partially melded.
((You have a pair of small horns on your head.))
((You are partially covered in iridescent scales. (AC +2)))
You expend magic power (3 MP) to strengthen your wands.


Message History

The vampire barely misses you.
The vampire bites you but does no damage.
It was a potion of magic.
Magic courses through your body.
The vampire casts a spell.
The vampire flickers and vanishes!
Deactivating autopickup; reactivate with Ctrl-A.
You cannot move. (Use ctrl+direction or * direction to attack while stationary and confused.)
You nearly hit yourself!
Your transformation is almost over.
Something hits you. Something bites you but does no damage.
You hit something but do no damage.
You feel like a meek peon again. Something draws life force from you!!
* * * LOW HITPOINT WARNING * * *
Unknown command.
Unknown command.
You barely miss something.
You feel less confused. Something hits you but does no damage.
Something bites you but does no damage.
Unknown command.
You gain the combat prowess of a mighty hero.
Something hits you!
* * * LOW HITPOINT WARNING * * *
Something bites you.
* * * LOW HITPOINT WARNING * * *
Something draws strength from your injuries!
Unknown command.
You slash something! Something hits you!
* * * LOW HITPOINT WARNING * * *
Something bites you but does no damage.
Unknown command.
You closely miss something. You punch something. Something hits you.
* * * LOW HITPOINT WARNING * * *
Something bites you.
* * * LOW HITPOINT WARNING * * *
Something draws strength from your injuries!
You slash something!
Unknown command.
You hit something but do no damage. Something hits you!
You die...

## !## #8. ..# #..
..# #..# #..#######
#...##...#8.....
#......##......
#.{..##...#######
###'♣##...##....8#
#.........#......# #
#8.......).......# ..
#########....#...#...
#8.....##..##...'...
#.......####....'...
#........#...####...
#####...♣.......# ...
#...#....)......# ##


There were no monsters in sight!

Vanquished Creatures
  A two-headed ogre (D:8)
  A troll (D:9)
  A steam dragon (D:9)
  An orc warrior (D:9)
  2 black bears (D:5)
  2 ogres
  3 centaurs
  3 phantoms
  2 bullfrogs (D:6)
  4 scorpions
  A gnoll sergeant (D:8)
  8 vampire bats (Bailey)
  A jelly (D:6)
  5 orc priests
  A hound (D:5)
  A gnoll shaman (D:7)
  4 iguanas
  4 orc wizards
  4 adders
  13 gnolls
  A white imp (D:6)
  2 ufetubi (D:6)
  A worm (D:3)
  4 dart slugs
  26 orcs
  3 bats
  2 endoplasms
  9 goblins
  A hobgoblin (D:1)
  8 kobolds
  5 quokkas
  2 ball pythons
  2 frilled lizards
  7 orc zombies (Bailey)
  A rat (D:2)
136 creatures vanquished.

Notes
Turn   | Place    | Note
-------+----------+-------------------------------------------
     0 | D:1      | Leszczynek the Human Gladiator began the quest for the Orb.
     0 | D:1      | Reached XP level 1. HP: 16/16 MP: 1/1
    25 | D:1      | Reached XP level 2. HP: 8/22 MP: 2/2
    45 | D:1      | HP: 1/22 [quokka (4)]
    62 | D:1      | HP: 4/22 [quokka (4)]
   112 | D:1      | HP: 4/23 [frozen (3)]
   181 | D:1      | Found a faded altar of an unknown god.
   298 | D:1      | Reached XP level 3. HP: 20/28 MP: 3/3
   395 | D:3      | Found a burning altar of Makhleb.
   397 | D:3      | Found a shimmering blue altar of Sif Muna.
   399 | D:3      | Found a shimmering altar of Xom.
   422 | D:3      | Noticed Terence
   607 | D:2      | Noticed a phantom
   635 | D:2      | Killed a phantom
   636 | D:2      | Reached skill level 3 in Fighting
   636 | D:2      | Reached skill level 4 in Axes
   636 | D:2      | Reached XP level 4. HP: 22/35 MP: 4/4
   636 | D:2      | Reached XP level 5. HP: 26/41 MP: 5/5
   860 | D:3      | You fall into a shaft and drop 2 floors!
   860 | D:5      | Entered Level 5 of the Dungeon
   865 | D:5      | Reached skill level 3 in Throwing
   865 | D:5      | Reached XP level 6. HP: 44/48 MP: 6/6
   869 | D:5      | Noticed a black bear
   900 | D:5      | Killed a black bear
   901 | D:5      | Reached skill level 4 in Fighting
  1030 | D:4      | Noticed Grinder
  1031 | D:4      | Paralysed by Grinder for 6 turns
  1042 | D:5      | Noticed a black bear
  1062 | D:5      | Killed a black bear
  1063 | D:5      | Reached skill level 4 in Dodging
  1063 | D:5      | Reached XP level 7. HP: 16/55 MP: 6/7
  1189 | D:6      | Found a sparkling altar of Nemelex Xobeh.
  1193 | D:6      | Reached skill level 5 in Axes
  1193 | D:6      | HP: 9/55 [gnoll/+0 flail (8)]
  1606 | D:5      | Reached skill level 5 in Fighting
  1713 | D:5      | Reached XP level 8. HP: 50/62 MP: 8/8
  1993 | D:6      | Reached skill level 4 in Throwing
  2008 | D:6      | Reached skill level 6 in Axes
  2277 | D:7      | Found a runed translucent gate.
  2277 | D:7      | Found a runed translucent gate.
  2277 | D:7      | Found a runed translucent gate.
  2278 | D:7      | Noticed NigelTetley's ghost (novice DrTm)
  2310 | D:6      | Found a staircase to the Ecumenical Temple.
  2355 | Temple   | Entered the Ecumenical Temple
  2406 | Temple   | Became a worshipper of Warmaster Okawaru
  2497 | D:6      | Reached skill level 6 in Fighting
  2521 | D:6      | Reached skill level 5 in Dodging
  2564 | D:6      | Reached XP level 9. HP: 24/70 MP: 6/9
  2886 | D:8      | Found a staircase to the Lair.
  2979 | D:8      | Reached * piety under Okawaru
  2980 | D:8      | Reached skill level 7 in Axes
  3070 | D:8      | Noticed a two-headed ogre
  3160 | D:8      | Killed a two-headed ogre
  3160 | D:8      | Reached ** piety under Okawaru
  3161 | D:8      | Reached skill level 7 in Fighting
  3161 | D:8      | Reached skill level 5 in Throwing
  3398 | D:9      | Reached skill level 6 in Dodging
  3460 | D:9      | Reached skill level 8 in Axes
  3475 | D:9      | Noticed a troll
  3490 | D:9      | Killed a troll
  3491 | D:9      | Reached skill level 1 in Invocations
  3491 | D:9      | Reached XP level 10. HP: 68/80 MP: 10/10
  3504 | D:9      | Reached skill level 8 in Fighting
  3537 | D:9      | Found a flagged portal.
  3555 | Bailey   | Entered a bailey
  3724 | Bailey   | Reached skill level 2 in Invocations
  3776 | Bailey   | HP: 19/121 [vampire/vampiric draining (9)]
  3778 | Bailey   | Gained mutation: You have a pair of small horns on your
                  | head. [potion of mutation]
  3778 | Bailey   | Gained mutation: You expend magic power (3 MP) to
                  | strengthen your wands. [potion of mutation]
  3778 | Bailey   | Gained mutation: You are partially covered in iridescent
                  | scales. (AC +2) [potion of mutation]
  3781 | Bailey   | HP: 20/121 [something (13)]
  3784 | Bailey   | HP: 9/121 [something (5)]
  3785 | Bailey   | HP: 3/121 [something (3)]
  3787 | Bailey   | Mangled by a vampire

Illustrated notes

Levels and vault maps discovered:
D:1:      minmay_arrival_solitary_statue, layout_basic,
          hellmonk_ecumenical_altar_crossroads
D:2:      minmay_general_purpose_star, layout_basic
D:3:      layout_loops_cross, vehumet_statue, grunt_temple_overflow_diamond,
          hangedman_decor_riveting, st_stairs_7, uniq_terence
D:4:      layout_basic, nicolae_ru_great_annihilating_truth,
          nicolae_dithmenos_through_a_glass_darkly, serial_curves,
          eino_curves_04, eino_curves_02, hangedman_abyss_or_decor_stabs,
          uniq_grinder
D:5:      layout_rooms
D:6:      layout_basic, overflow_temple_1_default, temple_doors_e,
          minmay_misc_feat_chi
D:7:      layout_loops_ring, ebering_ghost_rock_garden
D:8:      layout_loops_ring, lair_entry_dummy,
          hangedman_abyss_or_decor_jellyfish_corner, doesnt_shop_hydraphobe
D:9:      layout_roguey, enter_bailey_3, uniq_maggie
Temple:   regret_index_temple_generic_petals
Bailey:   bailey_polearm_vampire_castle_hellmonk, bailey

Skill      XL: |  1  2  3  4  5  6  7  8  9 10 |
---------------+-------------------------------+-----
Fighting       | 3 4 5 6 7 8 |  8.3
Axes           | 4 5 6 8 |  8.5
Throwing       | 3 4 5 |  5.8
Dodging        | 4 5 6 |  6.0
Invocations    | 1 2 |  2.0

Action                   |  1- 3 |  4- 6 |  7- 9 | 10-12 || total
-------------------------+-------+-------+-------+-------++-------
Melee: War axe           |    76 |    44 |   244 |    67 ||   431
       Punch             |     1 |       |     7 |     3 ||    11
       Flail             |       |       |     7 |       ||     7
Throw: Dart              |    16 |     6 |     4 |       ||    26
       Throwing net      |     5 |     4 |     1 |       ||    10
       Javelin           |     2 |     2 |     1 |       ||     5
       Boomerang         |       |       |    25 |     6 ||    31
Invok: Heroism           |       |       |     6 |     4 ||    10
Evoke: Wand              |       |     5 |    20 |       ||    25
  Use: Potion            |     3 |       |     3 |     4 ||    10
       Scroll            |     1 |     1 |     7 |       ||     9
 Stab: Held in net/web   |       |     1 |       |       ||     1
       Sleeping          |       |     1 |       |       ||     1
Armor: Leather armour    |    31 |    24 |    11 |       ||    66
       Skin              |     9 |       |    12 |    31 ||    52
       Ring mail         |       |       |    74 |       ||    74
       Steam dragon scal |       |       |     1 |     4 ||     5
       Troll leather arm |       |       |       |    15 ||    15
Dodge: Dodged            |    72 |    39 |   166 |    69 ||   346

Table legend: (Time is in decaauts)
 A = Elapsed time spent in this place.
 B = Non-inter-level travel time spent in this place.
 C = Inter-level travel time spent in this place.
 D = Time resting spent in this place.
 E = Time spent auto-exploring this place.
 F = Levels seen in this place.
 G = Mean time per level.
                   A        B        C        D        E       F      G
               +--------+--------+--------+--------+--------+-----+--------+
         Total |   3935 |   3864 |     71 |     29 |      0 |  11 |  357.7 |
       Dungeon |   3591 |   3520 |     71 |     17 |      0 |   9 |  399.0 |
        Temple |    115 |    115 |      0 |      0 |      0 |   1 |  115.0 |
        Bailey |    228 |    228 |      0 |     12 |      0 |   1 |  228.0 |
               +--------+--------+--------+--------+--------+-----+--------+

Top non-repeatable levels by time:
     D:5: 1064 daAuts
     D:6: 655 daAuts
     D:8: 423 daAuts
     D:2: 356 daAuts
     D:1: 333 daAuts
     D:7: 270 daAuts
     D:9: 242 daAuts
  Bailey: 228 daAuts
     D:3: 202 daAuts
  Temple: 115 daAuts
     D:4: 42 daAuts
